Map: Dusk Towers

Players

lesha

  • Race: Terran Terran

A.I. 1 (Hard) - Winner!

  • Race: Zerg Zerg

VOD

Have the link to the VOD?

Description

Time

  • Played on: Dec. 2, 2015, 10:32 a.m.
  • Length: 7:32
Show
View Real Time Build Order
Export as new Build Order

lesha Terran 

Build Orders:  

Get SALT Encoding   

  12  0:01  SCV  
  13  0:14  SCV  
  14  0:18  Supply Depot  
  14  0:26  SCV  
  15  0:40  SCV  
  16  0:45  Barracks  
  16  0:52  SCV  
  17  1:03  Refinery  
  18  1:04  SCV  
  18  1:13  Refinery  
  18  1:16  SCV  
  19  1:34  Command Center  
  19  1:41  Orbital Command  
  19  1:55  Marine  
  20  2:03  Supply Depot  
  20  2:16  Marine  
  20  2:20  SCV  
  21  2:32  SCV  
  22  2:48  SCV  
  23  2:57  Orbital Command  
  23  3:00  SCV  
  24  3:12  SCV  
  25  3:21  Factory  
  25  3:24  SCV, Barracks  
  25  3:25  Engineering Bay  
  25  3:27  Barracks  
  26  3:31  Engineering Bay  
  26  3:42  Barracks Tech Lab  
  26  3:51  SCV x2  
  28  3:57  Refinery  
  28  4:01  Refinery  
  28  4:03  SCV x2  
  30  4:10  Starport  
  30  4:15  SCV  
  30  4:16  Barracks  
  31  4:21  Barracks  
  31  4:28  Barracks  
  31  4:34  Barracks Reactor x2  
  31  4:39  Factory Tech Lab  
  31  4:45  SCV x2  
  33  4:57  SCV x2, Marine  
  36  5:08  Barracks Reactor  
  36  5:09  SCV x2  
  36  5:10  Barracks Reactor  
  36  5:11  Starport Reactor  
  38  5:26  Marine  
  38  5:27  Marine  
  40  5:29  Barracks Reactor  
  40  5:31  Marine  
  40  5:32  Marine  
  42  5:43  Starport  
  42  5:51  SCV  
  42  5:52  SCV  
  44  6:19  Supply Depot  
  44  6:27  SCV x2  
  46  6:38  Marine  
  46  6:40  Marine  
  46  6:41  SCV x2  
  46  6:42  Supply Depot  
  43  6:57  Marine  
  43  6:58  Marine x2  
  43  7:00  Marine  
  46  7:05  Supply Depot  
  45  7:13  Starport Reactor  
  46  7:27  Supply Depot  
Show
View Real Time Build Order
Export as new Build Order

A.I. 1 (Hard) Zerg - Winner!

Build Orders: Pool First, Zergling Baneling 

Get SALT Encoding   

  12  0:01  Drone  
  13  0:12  Overlord  
  13  0:17  Drone  
  14  0:30  Drone  
  14  0:32  Drone  
  16  0:43  Spawning Pool  
  16  0:44  Drone  
  16  0:47  Drone  
  17  0:52  Extractor  
  17  0:55  Drone  
  17  1:06  Overlord  
  17  1:31  Queen, Zergling x2  
  20  1:35  Roach Warren, Zergling x2  
  20  1:38  Drone  
  21  1:41  Extractor  
  20  1:49  Drone  
  20  1:51  Baneling Nest  
  20  1:59  Drone  
  21  2:10  Drone  
  22  2:21  Zergling x2  
  23  2:32  Drone  
  23  2:36  Baneling x2  
  24  2:38  Overlord, Zergling x2  
  24  2:43  Zergling x2  
  26  2:47  Zergling x2  
  27  2:51  Baneling x2  
  27  2:54  Drone  
  28  3:05  Zergling x2  
  29  3:10  Overlord, Zergling x2  
  30  3:14  Zergling x2  
  30  3:19  Zergling x2  
  32  3:27  Zergling x2  
  32  3:32  Baneling x3  
  33  3:38  Zergling x2  
  34  3:42  Baneling  
  34  3:43  Zergling x2  
  34  3:47  Baneling, Zergling x2  
  36  3:49  Evolution Chamber  
  36  3:51  Drone, Zergling x2  
  37  4:01  Zergling x2  
  38  4:12  Drone  
  38  4:13  Overlord  
  38  4:14  Drone  
  38  4:15  Drone  
  42  4:24  Drone  
  42  4:35  Drone  
  43  4:45  Drone  
  44  6:02  Metabolic Boost  
  44  6:03  Lair, Overlord  
  44  6:05  Evolution Chamber  
  44  6:11  Hatchery, Drone  
  43  6:41  Spore Crawler  
  43  6:42  Drone  
  37  6:49  Spore Crawler, Drone, Baneling  
  35  7:01  Spire  
  35  7:03  Drone  
  33  7:17  Spine Crawler  
  33  7:22  Spine Crawler  
  31  7:29  Extractor  
Tags
 
Add a new tag
Caveats
  • Supply blocks, unpowered buildings, or Contaminate may cause inaccurate times.
  • Supply counts are checked every 10 seconds.